AoeStats
← 建建哥

Black Forest

509648429Analyzed
2v2 RM · 6d ago on Sep 27, 2026· 55m 6s· 4 players
Game mode
Random Map
Map size
Medium (4 player)
Population
200
Speed
Normal
Resources
Standard
Victory
Conquest
Starting age
Dark Age
Ending age
Imperial Age
RankedLock teamsTeams togetherTeam positionsShared explorationLock speedFull tech treeHidden civsTurbo modeCheats
Victory
Defeat
🇺🇸 Berbers · United States
1193
+13
🇨🇴 Varangians · Colombia
1132
+16
🇹🇼 Poles · Taiwan
1132
-15
🇹🇼 Khmer · Taiwan
1128
-14
冰冰歷險記
0:37 Loom
14:20 Feudal Age
16:09 Horse Collar
19:58 Castle Age
18:20 Double-Bit Axe
18:51 Forging
19:25 Scale Barding Armor
22:05 Szlachta Privileges
24:06 Bloodlines
24:39 Husbandry
26:02 Iron Casting
26:52 Chain Barding Armor
38:25 Imperial Age
36:36 Wheelbarrow
37:06 Heavy Plow
37:20 Bow Saw
37:21 Town Watch
39:31 Hand Cart
38:42 Cavalier
40:07 Conscription
40:52 Sanctity
41:45 Blast Furnace
44:48 Fletching
44:59 Padded Archer Armor
45:35 Bodkin Arrow
45:52 Thumb Ring
45:08 Crossbowman
46:37 Ballistics
47:17 Chemistry
46:25 Arbalester
47:27 Squires
47:13 Arson
49:20 Leather Archer Armor
49:11 Bracer
建建哥
0:30 Loom
12:08 Feudal Age
16:56 Castle Age
16:13 Double-Bit Axe
16:18 Horse Collar
18:10 Bow Saw
18:04 Heavy Plow
22:02 Town Watch
22:53 Wheelbarrow
22:49 Gold Mining
24:48 Gold Shaft Mining
24:44 Hand Cart
25:03 Scale Barding Armor
26:15 Forging
26:43 Husbandry
26:56 Bloodlines
27:32 Chain Barding Armor
28:57 Town Patrol
30:47 Iron Casting
34:42 Imperial Age
34:05 Stone Mining
35:42 Tusk Swords
37:30 Crop Rotation
38:01 Plate Barding Armor
38:26 Blast Furnace
37:57 Conscription
37:47 Fletching
41:16 Hoardings
40:05 Elite Battle Elephant
41:54 Bodkin Arrow
44:58 Bracer
46:22 Scale Mail Armor
46:25 Pikeman
47:45 Chain Mail Armor
46:57 Halberdier
54:18 Halberdier
COL | TheFaura
0:27 Loom
12:34 Feudal Age
16:39 Castle Age
14:27 Double-Bit Axe
15:18 Stone Mining
15:24 Horse Collar
17:15 Wheelbarrow
30:33 Imperial Age
28:31 Gold Mining
28:49 Town Watch
29:41 Forging
30:32 Bloodlines
RutherfordTheBrave
1:30 Loom
11:25 Feudal Age
15:26 Castle Age
13:28 Double-Bit Axe
13:59 Horse Collar
18:17 Bow Saw
19:18 Wheelbarrow
18:28 Town Watch
22:46 Heavy Plow
22:59 Gold Mining
24:36 Hand Cart
25:20 Bloodlines
25:10 Husbandry
25:12 Stone Mining
26:51 Scale Barding Armor
27:30 Husbandry
27:44 Forging
27:55 Chain Barding Armor
29:16 Stone Shaft Mining
29:17 Gold Shaft Mining
29:20 Iron Casting
34:32 Imperial Age
35:50 Plate Barding Armor
36:16 Blast Furnace
35:10 Heavy Camel Rider
36:28 Conscription
36:11 Maghrebi Camels
36:48 Hoardings
37:51 Kasbah
38:09 Town Patrol
38:34 Fletching
38:45 Padded Archer Armor
38:08 Light Cavalry
40:20 Chemistry
39:34 Masonry
39:30 Siege Engineers
40:26 Chemistry
39:47 Ballistics
40:52 Bodkin Arrow
43:12 Murder Holes
43:00 Treadmill Crane
42:48 Hussar
50:42 Elite Camel Archer
Connection lost

Rejoining the realm…

Still unreachable

The connection could not be restored.

Session expired

The server has moved on; the page needs a fresh start.